AoeStats
← der adrige

Arabian Desert

509234422Analyzed
1v1 RM · 7d ago on Sep 26, 2026· 41m 54s· 2 players
Game mode
Random Map
Map size
Tiny (2 player)
Population
200
Speed
Normal
Resources
Standard
Victory
Conquest
Starting age
Dark Age
Ending age
Imperial Age
RankedLock teamsTeams togetherTeam positionsShared explorationLock speedFull tech treeHidden civsTurbo modeCheats
Victory
Defeat
🇦🇺 Cumans · Australia
1051
+15
🇩🇪 Turks · Germany
1029
-15
der adrige
10:52 Feudal Age
11:14 Loom
15:44 Double-Bit Axe
18:10 Scale Mail Armor
23:20 Castle Age
22:56 Bloodlines
23:00 Forging
22:56 Scale Barding Armor
32:20 Horse Collar
32:54 Bow Saw
39:39 Imperial Age
CSJ
2:43 Loom
11:02 Feudal Age
14:07 Double-Bit Axe
27:46 Castle Age
25:30 Horse Collar
26:38 Forging
26:35 Scale Barding Armor
35:17 Bloodlines
36:10 Gold Mining
42:42 Gold Shaft Mining
Connection lost

Rejoining the realm…

Still unreachable

The connection could not be restored.

Session expired

The server has moved on; the page needs a fresh start.